 Dungeon Crawl Stone Soup version 0.17.1-1-g73c8601 (webtiles) character file.

276 Goblin1989 the Twirler (level 6, 0/35 HPs)
             Began as a Gargoyle Gladiator on Jan 2, 2016.
             Shot with a poisoned arrow by a centaur (3 damage)
             ... on level 5 of the Dungeon.
             The game lasted 00:08:42 (3139 turns).

Goblin1989 the Twirler (Gargoyle Gladiator)         Turns: 3139, Time: 00:08:43

Health: 0/35       AC:  9    Str: 18    XL:     6   Next: 25%
Magic:  6/6        EV: 12    Int: 11    God:
Gold:   191        SH:  0    Dex: 10    Spells: 0 memorised, 5 levels left

rFire  . . .     SeeInvis .     a - +0 quarterstaff
rCold  . . .     Clarity  .     b - +0 leather armour
rNeg   + . .     SustAt   .     (shield currently unavailable)
rPois  ∞         Gourm    .     c - +0 helmet
rElec  +         Spirit   .     (no cloak)
rCorr  .         Warding  .     (no gloves)
rMut   .         Stasis   .     h - +0 pair of boots
MR     .....                    (no amulet)
Stlth  ++........               (no ring)
                                (no ring)

@: not resistant to hostile enchantments, unstealthy
A: negative energy resistance 1, electricity resistance, unbreathing,
petrification resistance, rot immunity, AC +4
a: no special abilities


You were on level 5 of the Dungeon.
You were not hungry.

You visited 2 branches of the dungeon, and saw 6 of its levels.

You collected 191 gold pieces.

Inventory:

Hand Weapons
 a - a +0 quarterstaff (weapon)
Missiles
 d - 3 throwing nets (quivered)
 t - 27 poisoned needles
Armour
 b - a +0 leather armour (worn)
 c - a +0 helmet (worn)
 h - a +0 pair of boots (worn)
Wands
 n - a wand of digging (10)
Scrolls
 k - 4 scrolls of identify {unknown}
 o - a scroll of remove curse
 p - a scroll of recharging {unknown}
 q - a scroll of amnesia {unknown}
 r - a scroll of enchant weapon {unknown}
 u - a scroll of blinking {unknown}
 x - a scroll of fog {unknown}
 y - a scroll of teleportation {unknown}
Potions
 g - 2 potions of mutation {unknown}
 i - a potion of flight {unknown}
 l - a potion of magic {unknown}
 m - 3 potions of brilliance {unknown}
 v - a potion of degeneration {unknown}
 w - a potion of lignification {unknown}
 z - a potion of curing {unknown}
Books
 s - a book of the Warp

   Spells                             Type                      Level
   a - Recall                         Summoning/Translocation      3
   b - Gell's Gravitas                Hexes/Translocation          3
   c - Force Lance                    Conjuration/Translocation    4
   d - Phase Shift                    Translocation                5
   e - Warp Weapon                    Charms/Translocation         5
   f - Summon Forest                  Summoning/Translocation      5
Comestibles
 e - 2 bread rations
 f - 2 meat rations
 j - 2 beef jerkies


   Skills:
 - Level 2.1 Fighting
 * Level 6.1 Staves
 - Level 1.7 Throwing
 - Level 2.4 Dodging
 * Level 3.1 Stealth


You had 5 spell levels left.
You didn't know any spells.

Dungeon Overview and Level Annotations

Branches:
Dungeon (5/15)             Temple (1/1) D:4

Altars:
Ashenzari
Cheibriados
Dithmenos
Elyvilon
Fedhas
Gozag
Kikubaaqudgha
Nemelex Xobeh
Okawaru
Ru
Sif Muna
Trog
Vehumet
Xom
Yredelemnul
Zin
The Shining One

Annotations:
D:3 Goblin1989's ghost, amateur DDFi


Innate Abilities, Weirdness & Mutations

You are resistant to torment.
Your stone body is resilient (AC +4).
You are immune to poison.
You resist negative energy.
You are resistant to electric shocks.
You can survive without breathing.
You are immune to petrification.
You are immune to rotting.


Message History

There is an open door, spattered with blood here.
You see here an adder corpse.
You butcher the adder corpse.
A - a chunk of flesh
There is an open door, spattered with blood here.
You see here an adder skeleton.
Eat a chunk of flesh? (ye/n/q/i?) This raw flesh tastes terrible.
You continue eating. x2
The centaur shoots a poisoned arrow.
The poisoned arrow hits you!
You see here a poisoned arrow.
The centaur shoots a poisoned arrow.
The poisoned arrow hits you!
* * * LOW HITPOINT WARNING * * *
You see here a poisoned arrow.
Read which item? (? for menu, Esc to quit)
As you read the scroll labeled GIGOOM RAMOI, it crumbles to dust.
You feel blessed for a moment.
It was a scroll of remove curse.
The centaur shoots a poisoned arrow.
The poisoned arrow closely misses you.
The centaur shoots a poisoned arrow.
The poisoned arrow hits you.
You die...

........................'.....
........................#.....
..................c.....#.....
###..##.##...##...####..####..
########÷##...##...###########.
...............................
...............................
...............................
.............(@................
..............(................
####..##.#########...##....##..
#..##.##...####...##....##..
...........S..#....#.....#...
(.......>....c#....#.....#...
.....!.((..('(...#.....#...
##...##...####...###...##.. #.
########.><###...####


You could see a centaur.

Vanquished Creatures
  A centaur skeleton (D:4)
  A hound (D:4)
  An orc wizard (D:4)
  2 worker ants
  A hound skeleton (D:4)
  4 adders
  A shadow imp (D:5)
  An adder skeleton (D:4)
  2 giant geckos
  15 orcs
  12 goblins
  5 hobgoblins
  2 jackals (D:4)
  3 quokkas
  8 bats
  2 giant cockroaches
  A giant newt (D:1)
  8 kobolds
  7 rats
77 creatures vanquished.

Notes
Turn   | Place    | Note
--------------------------------------------------------------
     0 | D:1      | Goblin1989 the Gargoyle Gladiator began the quest for the Orb.
     0 | D:1      | Reached XP level 1. HP: 12/12 MP: 1/1
   209 | D:1      | Reached XP level 2. HP: 17/17 MP: 2/2
   839 | D:2      | Reached XP level 3. HP: 21/21 MP: 3/3
   880 | D:2      | Found a shadowy altar of Dithmenos.
   900 | D:2      | Reached skill level 4 in Staves
  1023 | D:2      | Reached skill level 1 in Stealth
  1030 | D:2      | Found a faded altar to an unknown god.
  1097 | D:2      | Found a sparkling altar of Nemelex Xobeh.
  1141 | D:3      | Found a basalt altar of Yredelemnul.
  1218 | D:3      | Reached XP level 4. HP: 22/26 MP: 4/4
  1426 | D:3      | Noticed Goblin1989's ghost (amateur DDFi)
  1534 | D:4      | Reached skill level 5 in Staves
  1935 | D:4      | Reached XP level 5. HP: 30/30 MP: 5/5
  1969 | D:4      | Found a glowing silver altar of Zin.
  2405 | D:4      | Found a staircase to the Ecumenical Temple.
  2412 | D:4      | Reached skill level 6 in Staves
  2412 | D:4      | Reached XP level 6. HP: 33/35 MP: 6/6
  2416 | Temple   | Entered the Ecumenical Temple
  2713 | D:5      | Entered Level 5 of the Dungeon
  3139 | D:5      | Shot with a poisoned arrow by a centaur

Action                   |  1- 3 |  4- 6 || total
-------------------------+-------+-------++-------
Melee: Quarterstaff      |   102 |   125 ||   227
  Use: Scroll            |       |     1 ||     1
 Stab: Sleeping          |     1 |     3 ||     4
  Eat: Chunk             |       |     6 ||     6
       Beef jerky        |       |     1 ||     1
